 Dungeon Crawl Stone Soup version 0.19.0-9-gfd783f2 (webtiles) character file.

3932 Gargoyl the Schismatic (level 10, -7/75 HPs)
             Began as a Demonspawn Abyssal Knight on Nov 7, 2016.
             Was an Elder of Lugonu.
             Killed by divine providence
             ... invoked by an orc priest
              (15 damage)
             ... on level 8 of the Dungeon.
             The game lasted 00:11:42 (5415 turns).

Gargoyl the Schismatic (Demonspawn Abyssal Knight)  Turns: 5415, Time: 00:11:43

Health: -7/75      AC: 18    Str: 17    XL:     10   Next: 1%
Magic:  24/24      EV:  4    Int: 13    God:    Lugonu [****..]
Gold:   376        SH: 10    Dex: 19    Spells: 0 memorised, 9 levels left

rFire  . . .     SeeInvis .     e - +7 falchion "Podifo" {pain, rPois rF- rC++ Dex+4}
rCold  + + .     Gourm    .     m - +2 plate armour {rF+}
rNeg   . . .     Faith    .     o - +0 shield
rPois  +         Spirit   .     (helmet restricted)
rElec  .         Reflect  .     u - +0 cloak
rCorr  .         Harm     .     (no gloves)
MR     .....                    (no boots)
Stlth  ..........               n - amulet of regeneration
                                B - +3 ring of dexterity
                                q - ring of magical power

@: no status effects
A: horns 1, thin metallic scales 1, nightstalker 1, powered by death 1
a: Depart the Abyss, Bend Space, Banish, Corrupt, Renounce Religion


You were on level 8 of the Dungeon.
You worshipped Lugonu.
Lugonu was greatly pleased with you.
You were not hungry.

You visited 1 branch of the dungeon, and saw 8 of its levels.
You visited the Abyss 1 time.

You collected 476 gold pieces.
You spent 100 gold pieces at shops.

Inventory:

Hand Weapons
 a - a +1 hand axe
 e - the +7 falchion "Podifo" (weapon) {pain, rPois rF- rC++ Dex+4}
   (You found it on level 2 of the Abyss)

   In the hands of one skilled in necromantic magic, it inflicts extra damage on
   living creatures.
   It affects your dexterity (+4).
   It makes you vulnerable to fire.
   It greatly protects you from cold.
   It protects you from poison.
Missiles
 k - 3 javelins (quivered)
Armour
 m - a +2 plate armour of fire resistance (worn)
 o - a +0 shield (worn)
 u - a +0 cloak (worn)
Jewellery
 n - an amulet of regeneration (around neck)
 q - a ring of magical power (left hand)
 B - a +3 ring of dexterity (right hand)
Wands
 w - a wand of random effects (44/48)
 C - a wand of slowing (11/48)
 D - a wand of iceblast (5/15)
 G - a wand of iceblast (7/15)
Scrolls
 f - 5 scrolls of remove curse
 p - 4 scrolls of teleportation
 y - a scroll of amnesia
 E - a scroll of blinking {unknown}
 F - a scroll of recharging
 H - a scroll of enchant weapon {unknown}
 I - 3 scrolls of identify
 K - a scroll of fog {unknown}
Potions
 b - a potion of cancellation {unknown}
 d - 4 potions of curing
 h - a potion of haste {unknown}
 i - a potion of flight {unknown}
 j - 4 potions of brilliance
 t - a potion of resistance {unknown}
 v - a potion of degeneration {unknown}
 x - a potion of might
Books
 J - a book of Cantrips

   Spells                             Type                      Level
   a - Confusing Touch                Hexes                        1
   b - Animate Skeleton               Necromancy                   1
   c - Summon Small Mammal            Summoning                    1
   d - Apportation                    Translocation                1
Comestibles
 c - 10 bread rations
 g - 5 fruits
 l - 5 meat rations
 r - a chunk of flesh
 s - a royal jelly
 z - 3 beef jerkies
 A - 8 slices of pizza


   Skills:
 + Level 5.6 Fighting
 + Level 7.0 Long Blades
 + Level 1.9 Axes
 * Level 7.3 Armour
 + Level 1.7 Dodging
 + Level 4.5 Shields
 * Level 7.9 Invocations


You had 9 spell levels left.
You didn't know any spells.

Dungeon Overview and Level Annotations

Branches:
Dungeon (8/15)             Temple (0/1) D:4
   Lair: D:8-11

Altars:
Ashenzari
Cheibriados
Ru
Sif Muna
Zin
The Shining One

Shops:
D:4 !


Innate Abilities, Weirdness & Mutations

You have a pair of small horns on your head.
You are partially covered in thin metallic scales. (AC +2)
You are slightly more attuned to the shadows.
You regenerate a little health from kills.


Message History

You slash the shadow imp!
You kill the shadow imp!
Lugonu accepts your kill. The orc hits you but does no damage.
Unknown command.
You hit the orc priest.
The orc priest is moderately wounded.
You block the orc's attack.
The orc priest hits you but does no damage.
Unknown command.
You hit the orc priest but do no damage.
The orc priest is moderately wounded.
The orc priest hits you but does no damage.
The orc priest mumbles some strange prayers to Beogh against you.
Beogh smites you!
* * * LOW HITPOINT WARNING * * *
The orc hits you but does no damage.
The orc priest calls down the wrath of Beogh upon you.
Beogh smites you!
You die...

..####...####
. #...# #.>.#
##.##
###.#######
#..........
####.#.#######
......o####
.......@oo#
.....####o....
##### ####


You could see 3 orc priests and an orc.

Vanquished Creatures
  The ghost of Quirk the Skirmisher, a novice GrFi (D:7)
  Pikel (D:3)
  A human (D:7)
  A yak (D:7)
  3 hogs (D:7)
  Menkaure (D:4)
  2 slaves (D:3)
  2 orc warriors
  2 ice beasts
  3 ogres (D:4)
  2 centaurs (D:6)
  4 bullfrogs
  2 scorpions
  3 killer bees (D:7)
  A howler monkey (D:7)
  A centaur zombie (D:7)
  2 hounds (D:7)
  2 gnoll shamans
  5 orc priests
  A centaur skeleton (D:4)
  4 iguanas
  3 orc wizards
  2 worker ants
  Robin (D:4)
  8 gnolls
  5 adders
  2 shadow imps
  An adder skeleton (D:7)
  An adder zombie (D:7)
  2 worms
  4 dart slugs
  4 leopard geckos
  22 orcs
  4 giant cockroaches
  9 goblins
  11 hobgoblins
  16 jackals
  7 kobolds
  2 quokkas
  4 ball pythons
  14 bats
  5 frilled lizards
  A leopard gecko skeleton (D:5)
  A quokka skeleton (D:6)
  5 rats
178 creatures vanquished.

Vanquished Creatures (others)
  A slave (D:4)
  An orc priest (D:4)
  An orc (D:4)
3 creatures vanquished.

Grand Total: 181 creatures vanquished

Notes
Turn   | Place    | Note
-------+----------+-------------------------------------------
     0 | Abyss:1  | Gargoyl the Demonspawn Abyssal Knight began the quest for the Orb.
     0 | Abyss:1  | Reached XP level 1. HP: 18/18 MP: 2/2
    20 | Abyss:2  | Got a bloodstained falchion
    21 | Abyss:2  | Identified the +7 falchion "Podifo" {pain, rPois rF- rC++ Dex+4} (You found it on level 2 of the Abyss)
    30 | Abyss:2  | Noticed a raiju
    30 | D:1      | Escaped the Abyss
   338 | D:1      | Reached * piety under Lugonu
   367 | D:1      | Gained mutation: You are slightly more attuned to the shadows. [demonic ancestry]
   367 | D:1      | Reached XP level 2. HP: 22/24 MP: 4/4
   773 | D:2      | Reached skill level 1 in Long Blades
   773 | D:2      | Reached XP level 3. HP: 24/29 MP: 5/5
  1304 | D:2      | Found a sacrificial altar of Ru.
  1313 | D:2      | Gained mutation: You are partially covered in thin metallic scales. (AC +2) [demonic ancestry]
  1313 | D:2      | Reached XP level 4. HP: 37/37 MP: 6/6
  1345 | D:2      | Reached ** piety under Lugonu
  1589 | D:3      | Reached skill level 1 in Dodging
  1817 | D:3      | Reached skill level 1 in Shields
  1817 | D:3      | Reached XP level 5. HP: 31/42 MP: 7/7
  2060 | D:3      | Found a deep blue altar of Sif Muna.
  2309 | D:4      | Noticed a slave
  2309 | D:4      | Noticed a slave
  2309 | D:4      | Noticed a slave
  2311 | D:4      | Noticed Pikel
  2314 | D:4      | Noticed a slave
  2322 | D:3      | Killed a slave
  2332 | D:3      | Killed a slave
  2397 | D:3      | Killed Pikel
  2397 | D:3      | Reached XP level 6. HP: 44/48 MP: 9/9
  2397 | D:3      | Gained mutation: You have a pair of small horns on your head. [demonic ancestry]
  2397 | D:3      | Reached XP level 7. HP: 50/54 MP: 10/10
  2437 | D:4      | Found a snail-covered altar of Cheibriados.
  2462 | D:4      | Noticed Robin
  2477 | D:4      | Killed Robin
  2500 | D:4      | Found Uxierygoff's Distillery.
  2524 | D:4      | Noticed Menkaure
  2533 | D:4      | Killed Menkaure
  2699 | D:4      | Bought a potion of curing for 30 gold pieces
  2699 | D:4      | Bought a potion of curing for 30 gold pieces
  2699 | D:4      | Bought a potion of might for 40 gold pieces
  2711 | D:4      | Reached *** piety under Lugonu
  2759 | D:4      | Reached skill level 5 in Invocations
  2768 | D:4      | Reached skill level 5 in Armour
  2768 | D:4      | Gained mutation: You regenerate a little health from kills. [demonic ancestry]
  2768 | D:4      | Reached XP level 8. HP: 14/61 MP: 11/11
  3264 | D:4      | Found a staircase to the Ecumenical Temple.
  3415 | D:5      | Entered Level 5 of the Dungeon
  3729 | D:5      | Reached skill level 5 in Long Blades
  4138 | D:6      | Reached skill level 5 in Fighting
  4143 | D:6      | Reached XP level 9. HP: 68/68 MP: 13/13
  4442 | D:7      | Found a deep blue altar of Sif Muna.
  4680 | D:7      | Noticed Quirk's ghost (novice GrFi)
  4698 | D:7      | Killed Quirk's ghost
  4899 | D:7      | Found a shattered altar of Ashenzari.
  4899 | D:7      | Found a glowing golden altar of the Shining One.
  5216 | D:7      | Found a glowing silver altar of Zin.
  5360 | D:8      | Reached **** piety under Lugonu
  5362 | D:8      | Reached XP level 10. HP: 66/75 MP: 15/15
  5415 | D:8      | Killed from afar by an orc priest

Skill      XL: |  1  2  3  4  5  6  7  8  9 10 |
---------------+-------------------------------+-----
Long Blades    | 1 2 3 4 5 6 7 |  7.0
Armour         | 2 4 5 6 7 |  7.3
Dodging        | 1 |  1.7
Shields        | 1 2 3 4 |  4.5
Invocations    | 3 4 5 6 7 |  7.9
Fighting       | 4 5 |  5.6
Axes           | |  1.9

Action                   |  1- 3 |  4- 6 |  7- 9 | 10-12 || total
-------------------------+-------+-------+-------+-------++-------
Melee: Falchion          |    57 |   107 |   362 |    21 ||   547
       Headbutt          |       |       |    82 |     3 ||    85
Invok: Depart the Abyss  |     1 |       |       |       ||     1
  Use: Scroll            |     4 |     1 |     4 |       ||     9
       Potion            |       |       |     3 |       ||     3
  Eat: Chunk             |     1 |     4 |     9 |     1 ||    15
Armor: Scale mail        |     1 |       |       |       ||     1
       Chain mail        |    15 |       |       |       ||    15
       Plate armour      |    34 |    86 |   264 |    15 ||   399
Dodge: Dodged            |    11 |     3 |    55 |     2 ||    71
Block: Buckler           |     7 |       |       |       ||     7
       Shield            |    10 |    48 |   214 |    11 ||   283
       Rpst.: Falchion   |     5 |     2 |    20 |       ||    27
